 Dungeon Crawl Stone Soup version 0.31.0-11-ge490571c62 (webtiles) character file.

Game seed: 11647422103004734321

14307 ezpacito the Cleaver (level 11, -12/86 HPs)
             Began as a Demonspawn Berserker on Jan 31, 2024.
             Was a High Priest of Trog.
             Incinerated by a smoke demon (15 damage)
             ... with a pyre arrow
             ... on level 2 of the Abyss.
             The game lasted 00:24:04 (12037 turns).

ezpacito the Cleaver (Demonspawn Berserker)        Turns: 12037, Time: 00:24:04

Health: -12/86     AC: 19    Str: 25    XL:     11   Next: 87%
Magic:  0/11       EV: 12    Int:  6    God:    Trog [*****.]
Gold:   315        SH:  0    Dex: 21    Spells: 10/10 levels left

rFire   . . .        X - +3 executioner's axe (flame)
rCold   + . .        (shield currently unavailable)
rNeg    . . .        F - +4 chain mail {rC+}
rPois   +            (helmet restricted)
rElec   .            G - scarf {+Inv}
rCorr   .            J - +0 pair of gloves
SInv    .            a - +2 pair of boots {Stlth+}
Will    .....        h - amulet of guardian spirit
Stlth   ++           g - +6 ring of strength
HPRegen 0.34/turn    z - ring of poison resistance
MPRegen 0.12/turn

%: guardian spirit
@: on fire, glowing
A: antennae 1, thin skeletal structure 1, spiny 1, hooves 1, agile 1, subdued
magic 1
a: Renounce Religion, Evoke Invisibility, Berserk, Trog's Hand, Brothers in Arms


You were on level 2 of the Abyss.
You worshipped Trog.
Trog was extremely pleased with you.
You visited 2 branches of the dungeon, and saw 12 of its levels.
You visited the Abyss 1 time.
You also visited: Sewer.

You collected 819 gold pieces.
You spent 504 gold pieces at shops.

Inventory:

Hand Weapons
 L - a +0 shortbow
 X - a +3 executioner's axe of flaming (weapon)
Missiles
 c - 5 javelins
 p - 3 atropa-tipped darts (quivered)
 x - 73 stones
 C - 14 poisoned darts
 I - 7 boomerangs
 P - 3 curare-tipped darts
Armour
 a - a +2 pair of boots of stealth (worn)
 t - a +0 kite shield
 v - a +0 cloak
 F - a +4 chain mail of cold resistance (worn)
 G - a scarf of invisibility (worn)
 J - a +0 pair of gloves (worn)
Jewellery
 g - a +6 ring of strength (left hand)
 h - an amulet of guardian spirit (around neck)
 i - a +4 ring of protection
 j - a ring of ice
 u - a +5 ring of evasion
 z - a ring of poison resistance (right hand)
 Q - a +5 ring of evasion
Talismans
 O - a maw talisman
 R - a maw talisman
Wands
 b - a wand of paralysis (3)
 f - a wand of roots (7)
 y - a wand of flame (9)
 D - a wand of light (7)
 N - a wand of mindburst (13)
Scrolls
 d - 6 scrolls of immolation
 e - 6 scrolls of teleportation
 o - a scroll of fear
 r - a scroll of fog
 E - a scroll of revelation
 U - a scroll of torment
Potions
 n - 2 potions of lignification
 q - 2 potions of might
 s - a potion of haste
 w - 3 potions of enlightenment
 B - a potion of mutation
 H - a potion of degeneration {unknown}
 S - a potion of brilliance {unknown}
 T - a potion of attraction
Miscellaneous
 m - a box of beasts


   Skills:
 * Level 7.9 Fighting
 * Level 10.7 Axes
 * Level 0.9 Ranged Weapons
 * Level 0.8 Throwing
 * Level 8.1 Armour
 * Level 5.4 Dodging
 * Level 6.4 Stealth
 + Level 1.4 Shields
 * Level 5.7 Unarmed Combat
 * Level 1.0 Evocations


You had 10 spell levels left.
You didn't know any spells.
Your spell library contained the following spells:

 Spells                   Type           Power      Damage    Failure   Level
 Slow                     Hex            0%         N/A       89%         1
 Sting                    Conj/Alch      0%         1d3       89%         1
 Lesser Beckoning         Tloc           0%         N/A       96%         2
 Confusing Touch          Hex            0%         N/A       99%         3
 Frozen Ramparts          Ice            0%         1d1       99%         3
 Fugue of the Fallen      Necr           0%         N/A       99%         3
 Gell's Gravitas          Tloc           0%         N/A       99%         3
 Ozocubu's Armour         Ice            0%         N/A       99%         3
 Sigil of Binding         Hex            0%         N/A       99%         3
 Teleport Other           Tloc           0%         N/A       99%         3
 Vampiric Draining        Necr           0%         2d6       99%         3
 Fulminant Prism          Conj/Alch      0%         3d5       100%        4
 Leda's Liquefaction      Alch/Erth      0%         N/A       100%        4
 Manifold Assault         Tloc           0%         N/A       100%        4
 Petrify                  Alch/Erth      0%         N/A       100%        4
 Metabolic Englaciation   Hex/Ice        0%         N/A       100%        5
 Chain Lightning          Conj/Air       0%         N/A       100%        9


Dungeon Overview and Level Annotations

Branches:
Dungeon (11/15)            Temple (1/1) D:4            Lair (0/5) D:8
    Orc (0/2) D:9           Sewer (visited)

Altars:
Ashenzari
Cheibriados
Dithmenos
Fedhas
Gozag
Hepliaklqana
Kikubaaqudgha
Makhleb
Nemelex Xobeh
Okawaru
Qazlal
Ru
Sif Muna
Trog
Uskayaw
Vehumet
Wu Jian
Xom
Yredelemnul

Shops:
D:8 [   D:10 [

Annotations:
D:11 Sonja


Innate Abilities, Weirdness & Mutations

You have a pair of small antennae on your head.
You have a somewhat thin skeletal structure. (Dex +2, Stealth+)
You are partially covered in sharp spines.
You have large cloven feet.
You are agile. (Dex +4, Str/Int -1)
Your spells are a little easier to cast, but a little less powerful.


Message History

You slice the will-o-the-wisp!! You burn the will-o-the-wisp.
The will-o-the-wisp is almost destroyed.
The will-o-the-wisp is struck by your spines.
The will-o-the-wisp engulfs you but does no damage.
You slice the will-o-the-wisp!! You burn the will-o-the-wisp.
You destroy the will-o-the-wisp!
Trog accepts your kill.
Your Evocations skill increases to level 1!
The starcursed mass attacks as it pursues you!
The starcursed mass touches you.
The starcursed mass touches you but does no damage.
A chorus of shrieks assaults your mind.
A starcursed mass splits.
A chorus of shrieks assaults your mind.
You are suddenly pulled into a different region of the Abyss!
Okay, then.
You feel much better.
Found a gateway leading deeper into the Abyss.
A smoke demon comes into view.
The smoke demon roars!
The smoke demon gestures at you. The pyre arrow hits you.
You are covered in intense liquid fire!
You shake off some of the fire as you move.
The liquid fire burns you! The smoke demon gestures at you.
Something smites you!
You shake off some of the fire as you move.
The liquid fire burns you! The smoke demon gestures at you.
Something smites you!
You barely miss the smoke demon. The liquid fire burns you!
* * * LOW HITPOINT WARNING * * *
The smoke demon gestures at you. Something smites you!
* * * LOW HITPOINT WARNING * * *
You barely miss the smoke demon. The liquid fire burns you!
You die...

#... ... #..# .. # #. #
..... .# ..# ...... .# #
.## ##...###### ..####
#.. #. .........##.....#
#..##.§........#3......#
#..##..X§.#.....@#
#..##............#
..##............# #..3
............# #
#####..........# #.
#####..#...# . #......#
#. #......# #. #..... #


You could see a smoke demon.

Vanquished Creatures
  A rakshasa (Abyss:2)
  2 two-headed ogres
  A thrashing horror (Abyss:2)
  The ghost of monsoonserge the Chopper, a novice HOFi of Zin (D:5)
  A large abomination (Abyss:2)
  A will-o-the-wisp (Abyss:2)
  An unseen horror (D:6)
  3 trolls
  A hornet (D:8)
  9 yaks
  A wraith (D:11)
  A wyvern (D:9)
  A golden eye (Abyss:2)
  6 vampire mosquitoes (D:10)
  An acid dragon (D:5)
  2 water moccasins (D:7)
  6 orc warriors
  2 ice beasts
  A sky beast (D:6)
  2 wolves (D:6)
  2 small abominations (Abyss:2)
  7 ogres
  4 centaurs
  2 phantoms
  5 bullfrogs
  2 gnoll sergeants (D:6)
  2 scorpions (D:7)
  8 wights (D:9)
  13 killer bees
  7 howler monkeys
  An electric eel (D:8)
  3 bombardier beetles
  Crazy Yiuf (D:2)
  12 hounds
  3 jellies
  3 gnoll boudas (D:6)
  9 orc priests
  3 sleepcaps
  Natasha (thrice) (D:3)
  5 iguanas
  15 orc wizards
  Ijyb (D:3)
  A hell rat (Sewer)
  5 mutant beasts (D:8)
  17 gnolls
  9 adders
  2 river rats (Sewer)
  A white imp (D:7)
  2 ufetubi (D:6)
  2 dart slugs
  4 ribbon worms
  51 orcs
  7 endoplasms
  2 giant cockroaches (D:1)
  34 goblins
  22 hobgoblins
  16 jackals
  5 quokkas
  5 ball pythons
  3 frilled lizards
  11 kobolds
  14 rats
368 creatures vanquished.

Notes
Turn   | Place    | Note
-------+----------+-------------------------------------------
     0 | D:1      | ezpacito the Demonspawn Berserker began the quest for the
                  | Orb.
     0 | D:1      | Reached XP level 1. HP: 18/18 MP: 1/1
   129 | D:1      | Gained mutation: You have a somewhat thin skeletal
                  | structure. (Dex +2, Stealth+) [demonic ancestry]
   129 | D:1      | Reached XP level 2. HP: 24/24 MP: 2/2
   196 | D:1      | Reached skill level 3 in Axes
   254 | D:1      | Reached ** piety under Trog
   352 | D:1      | Reached XP level 3. HP: 9/29 MP: 3/3
  1178 | D:2      | Found a runed translucent door.
  1179 | D:2      | Noticed Crazy Yiuf
  1188 | D:2      | Killed Crazy Yiuf
  1189 | D:2      | Reached XP level 4. HP: 19/35 MP: 4/4
  1660 | D:2      | Reached skill level 1 in Stealth
  2074 | D:3      | Reached XP level 5. HP: 38/41 MP: 5/5
  2100 | D:3      | Noticed Natasha
  2109 | D:3      | Killed Natasha
  2110 | D:3      | Reached skill level 1 in Unarmed Combat
  2140 | D:3      | Reached skill level 4 in Axes
  2188 | D:3      | Found a glowing drain.
  2204 | Sewer    | Entered a sewer
  2380 | D:3      | Reached *** piety under Trog
  2490 | D:3      | Reached XP level 6. HP: 48/48 MP: 6/6
  2805 | D:3      | Reached **** piety under Trog
  2966 | D:3      | Noticed Natasha
  2973 | D:3      | Killed Natasha
  3182 | D:3      | Found a faded altar of an unknown god.
  3242 | D:3      | Noticed Ijyb
  3248 | D:3      | Killed Ijyb
  3281 | D:3      | Noticed Natasha
  3288 | D:3      | Killed Natasha
  3689 | D:4      | Found a staircase to the Ecumenical Temple.
  3725 | Temple   | Entered the Ecumenical Temple
  3770 | D:4      | Gained mutation: You are partially covered in sharp spines.
                  | [demonic ancestry]
  3770 | D:4      | Reached XP level 7. HP: 46/54 MP: 7/7
  3844 | D:4      | Reached skill level 5 in Axes
  4180 | D:4      | You fall into a shaft and drop 3 floors!
  4395 | D:7      | Found an iron altar of Okawaru.
  4535 | D:7      | Reached XP level 8. HP: 61/61 MP: 8/8
  4541 | D:7      | Reached skill level 5 in Fighting
  4558 | D:7      | Found a broken altar of Ashenzari.
  4622 | D:5      | Entered Level 5 of the Dungeon
  4646 | D:5      | Reached skill level 6 in Axes
  4900 | D:5      | Noticed monsoonserge's ghost (novice HOFi)
  5182 | D:4      | Found a bloodstained altar of Trog.
  5386 | D:5      | Reached ***** piety under Trog
  5483 | D:5      | Found a runed translucent gate.
  5485 | D:5      | Found a runed translucent gate.
  5486 | D:5      | Found a runed translucent gate.
  5497 | D:5      | Reached skill level 5 in Armour
  5560 | D:5      | Found a sacrificial altar of Ru.
  5707 | D:5      | Reached skill level 1 in Shields
  5878 | D:5      | Killed monsoonserge's ghost
  5879 | D:5      | Reached skill level 7 in Axes
  5879 | D:5      | Reached XP level 9. HP: 62/68 MP: 9/9
  6113 | D:6      | Noticed a two-headed ogre
  6124 | D:6      | Killed a two-headed ogre
  6409 | D:6      | Reached skill level 8 in Axes
  6425 | D:6      | Reached XP level 10. HP: 70/76 MP: 10/10
  6581 | D:6      | Reached skill level 5 in Stealth
  6928 | D:6      | Identified the +8 falchion of Exquisite Torment {heavy,
                  | rN++ Will++ Str-3} (Trog gifted it to you on level 6 of the
                  | Dungeon)
  6928 | D:6      | Received a gift from Trog
  8692 | D:8      | Noticed a juvenile batox beast
  8701 | D:8      | Killed a juvenile batox beast
  8702 | D:8      | Reached skill level 9 in Axes
  8766 | D:8      | Found Zipyduim's Armour Emporium.
  8774 | D:8      | Bought a +1 chain mail of cold resistance for 231 gold
                  | pieces
  8774 | D:8      | Bought a +0 pair of boots for 63 gold pieces
  8801 | D:8      | Found a staircase to the Lair.
  8898 | D:8      | Noticed a two-headed ogre
  8905 | D:8      | Killed a two-headed ogre
  8906 | D:8      | Reached skill level 5 in Unarmed Combat
  9196 | D:8      | Gained mutation: You have a pair of small antennae on your
                  | head. [demonic ancestry]
  9196 | D:8      | Reached XP level 11. HP: 84/84 MP: 11/11
  9783 | D:8      | Got the Incunable of Ill-fated Kinetic Energy
 10268 | D:9      | Received a gift from Trog
 10408 | D:9      | Reached skill level 5 in Dodging
 10559 | D:9      | Found a staircase to the Orcish Mines.
 10750 | D:10     | Entered Level 10 of the Dungeon
 10752 | D:10     | Found Riymaeff's Antique Armour Shoppe.
 10755 | D:10     | Bought a pair of runed boots for 210 gold pieces
 10972 | D:10     | Reached skill level 10 in Axes
 11276 | D:10     | Found a shadowy altar of Dithmenos.
 11527 | D:10     | Found a snail-covered altar of Cheibriados.
 11830 | D:11     | Noticed Sonja
 11856 | D:11     | HP: 4/85 [Sonja/+2 short sword of distortion (13)]
 11860 | Abyss:2  | Cast into level 2 of the Abyss (Sonja)
 11886 | Abyss:2  | Noticed a spatial maelstrom
 11916 | Abyss:2  | Noticed a large abomination
 11919 | Abyss:2  | Noticed a thrashing horror
 11933 | Abyss:2  | Killed a thrashing horror
 11937 | Abyss:2  | Noticed a rakshasa
 11941 | Abyss:2  | Killed a large abomination
 11944 | Abyss:2  | Gained mutation: You have large cloven feet. [potion of
                  | mutation]
 11944 | Abyss:2  | Gained mutation: Your spells are a little easier to cast,
                  | but a little less powerful. [potion of mutation]
 11944 | Abyss:2  | Gained mutation: You are agile. (Dex +4, Str/Int -1)
                  | [potion of mutation]
 11956 | Abyss:2  | Killed a rakshasa
 11995 | Abyss:2  | Noticed a starcursed mass
 12001 | Abyss:2  | Noticed a starcursed mass
 12010 | Abyss:2  | Reached skill level 1 in Evocations
 12033 | Abyss:2  | Noticed a tentacled starspawn
 12036 | Abyss:2  | HP: 3/86 [smoke demon/divine providence (11)]
 12037 | Abyss:2  | Incinerated by a smoke demon

Illustrated notes

Levels and vault maps discovered:
D:1:      dpeg_arrival_arbitrary_c, layout_loops_ring
D:2:      layout_basic, st_stairs_2, uniq_crazy_yiuf_cottage
D:3:      minmay_goblin_kobold_castle, layout_basic, portal_sewer_entry_d,
          shapermc_ecumenical_altar_petra, uniq_ijyb, uniq_natasha
D:4:      layout_loops_cross, lightli_temple_of_fire, minmay_temple_entry_arrows
D:5:      minmay_spotlight, layout_loops_ring, mainiacjoe_overflow_alcove_1,
          gammafunk_ghost_split
D:6:      lemuel_castle_with_subvaults [lemuel_castle_interior_original],
          layout_basic, grunt_decor_cap, minmay_misc_feat_encased
D:7:      layout_loops_corners, lemuel_round_altar, evilmike_ruin_ashenzari
D:8:      layout_gridville, dpeg_oklobed_lair, serial_shops, shop,
          kennysheep_decorative_pillar, corner_web_ring, nicolae_beast_mode
D:9:      layout_irregular_city, david_orc_4
D:10:     layout_roguey, kennysheep_little_box, amcnicky_altar_gilded,
          serial_shops, kennysheep_mini
D:11:     layout_roguey, serial_shops, nicolae_shop_pleasant_corner_grove,
          uniq_sonja
Temple:   nicolae_temple_slightly_damp_pantheon
Abyss:2:  base: D:6, lemuel_firewalk_3, hangedman_classic_abyss_death

Skill      XL: |  1  2  3  4  5  6  7  8  9 10 11 |
---------------+----------------------------------+-----
Axes           | 3 4 5 7 8 9 10 | 10.7
Dodging        | 2 3 4 5 |  5.4
Armour         | 2 3 5 6 7 8 |  8.1
Stealth        | 1 2 3 4 5 6 |  6.4
Unarmed Combat | 1 2 3 4 5 |  5.7
Fighting       | 4 5 6 7 |  7.9
Shields        | 1 |  1.4
Evocations     | 1 |  1.0
Ranged Weapons | |  0.9
Throwing       | |  0.8

Action                     |  1- 3 |  4- 6 |  7- 9 | 10-12 || total
---------------------------+-------+-------+-------+-------++-------
  Melee: Hand axe          |   148 |   207 |   195 |   184 ||   734
         Punch             |     1 |     1 |     3 |     8 ||    13
         Executioner's axe |       |       |       |    88 ||    88
 Invoke: Berserk           |     1 |     3 |     3 |     8 ||    15
         Brothers in Arms  |       |       |       |     1 ||     1
  Evoke: Wand              |       |       |       |     3 ||     3
    Use: Scroll            |     2 |     9 |     4 |     9 ||    24
         Potion            |       |       |     3 |    14 ||    17
   Stab: Sleeping          |     2 |     3 |     5 |     3 ||    13
         Distracted        |       |     2 |     1 |     2 ||     5
         Invisible         |       |       |     3 |       ||     3
 Armour: Animal skin       |     9 |       |       |       ||     9
         Ring mail         |    35 |       |       |       ||    35
         Scale mail        |    57 |   142 |    89 |       ||   288
         Leather armour    |       |       |    26 |    24 ||    50
         Skin              |       |       |    19 |       ||    19
         Chain mail        |       |       |       |   225 ||   225
  Dodge: Dodged            |    93 |   112 |    79 |   160 ||   444
  Block: Buckler           |       |    41 |    20 |       ||    61
